 Dungeon Crawl Stone Soup version 0.20-a0-1074-g6a0a8e1 (webtiles) character file.

144 JeffiDaFish the Shield-Bearer (level 5, -2/33 HPs)
             Began as a Gargoyle Fighter on Apr 29, 2017.
             Killed by nerve-wracking pain
             ... invoked by Grinder
              (6 damage)
             ... on level 3 of the Dungeon.
             The game lasted 00:05:16 (2005 turns).

JeffiDaFish the Shield-Bearer (Gargoyle Fighter)    Turns: 2005, Time: 00:05:16

Health: -2/33      AC: 14    Str: 25    XL:     5   Next: 27%
Magic:  5/5        EV:  6    Int:  8    God:
Gold:   108        SH: 10    Dex: 10    Spells: 4/4 levels left

rFire    . . .     SeeInvis .   a - +1 flail
rCold    . . .     Gourm    .   c - +0 shield
rNeg     + . .     Faith    .   k - +0 chain mail
rPois    ∞         Spirit   .   j - +0 helmet
rElec    +         Reflect  .   (no cloak)
rCorr    .         Harm     .   (no gloves)
MR       .....                  (no boots)
Stlth    ..........             e - amulet of rage
Regen    0.2/turn               (no ring)
MPRegen  0.1/turn               (no ring)

@: mighty, hasted, very quick
A: negative energy resistance 1, electricity resistance, unbreathing,
petrification resistance, rot immunity, AC +4
a: Evoke Berserk Rage


You were on level 3 of the Dungeon.
You were not hungry.

You visited 1 branch of the dungeon, and saw 3 of its levels.

You collected 108 gold pieces.

Inventory:

Hand Weapons
 a - a +1 flail (weapon)
Armour
 c - a +0 shield (worn)
 j - a +0 helmet (worn)
 k - a +0 chain mail (worn)
Jewellery
 e - an amulet of rage (around neck)
Scrolls
 b - 2 scrolls of amnesia
 m - a scroll of remove curse
Potions
 h - a potion of flight
Books
 l - a book of Minor Magic

   Spells                             Type                      Level
   a - Magic Dart                     Conjuration                  1
   b - Blink                          Translocation                2
   c - Call Imp                       Summoning                    2
   d - Slow                           Hexes                        2
   e - Conjure Flame                  Conjuration/Fire             3
   f - Mephitic Cloud                 Conjuration/Poison/Air       3
Comestibles
 f - a bread ration
 g - a meat ration
 i - 2 royal jellies
 n - a chunk of flesh


   Skills:
 + Level 3.7 Fighting
 + Level 3.1 Maces & Flails
 + Level 4.0 Armour
 + Level 1.0 Dodging
 + Level 4.4 Shields


You had 4 spell levels left.
You didn't know any spells.

Dungeon Overview and Level Annotations

Branches:
Dungeon (3/15)

Altars:
Kikubaaqudgha
Makhleb
Xom

Annotations:
D:3 Grinder


Innate Abilities, Weirdness & Mutations

You are resistant to torment.
Your stone body is resilient. (AC +4)
You are immune to poison.
You resist negative energy. (rN+)
You are resistant to electric shocks. (rElec)
You can survive without breathing.
You are immune to petrification.
You are immune to rotting.


Message History

The crimson imp hits you but does no damage.
Your shield prevents you from hitting the crimson imp.
You block the crimson imp's attack.
You barely miss the crimson imp. The kobold barely misses you.
The crimson imp barely misses you.
You miss the kobold.
The crimson imp moves out of view.
The kobold hits you but does no damage.
You bludgeon the kobold!!
You kill the kobold!
You closely miss the crimson imp. You block the crimson imp's attack.
You closely miss the crimson imp.
The crimson imp hits you but does no damage.
Your chain mail prevents you from hitting the crimson imp.
You block the crimson imp's attack.
You barely miss the crimson imp.
Your chain mail prevents you from hitting Grinder.
Your chain mail prevents you from hitting Grinder.
Grinder gestures at you. Pain shoots through your body!
You die...

#g# #o# . ##.# ##.
#o.# #.. #K## #.#
##.###### #.#
#####..#.5)5# #.#
#........##5## #.#
#).......#@..#
###.###........#...#
..........)....#_._#
......>........#####
..................
.................#
.................#
.................#
.................#


You could see Grinder and a crimson imp.

Vanquished Creatures
  An orc priest (D:3)
  Terence (D:2)
  Robin (D:2)
  An adder (D:2)
  An ooze (D:2)
  3 worms (D:2)
  A dart slug (D:2)
  A leopard gecko (D:2)
  5 orcs (D:3)
  7 giant cockroaches
  10 goblins
  8 hobgoblins
  A bat (D:2)
  A frilled lizard (D:1)
  7 kobolds
  3 rats
52 creatures vanquished.

Notes
Turn   | Place    | Note
-------+----------+-------------------------------------------
     0 | D:1      | JeffiDaFish the Gargoyle Fighter began the quest for the Orb.
     0 | D:1      | Reached XP level 1. HP: 14/14 MP: 1/1
   266 | D:1      | Reached XP level 2. HP: 15/19 MP: 2/2
   789 | D:2      | Noticed Terence
   798 | D:2      | Killed Terence
   798 | D:2      | Reached XP level 3. HP: 20/23 MP: 3/3
   812 | D:2      | Reached skill level 1 in Dodging
  1255 | D:2      | Noticed Robin
  1263 | D:2      | Reached XP level 4. HP: 25/28 MP: 4/4
  1297 | D:2      | Killed Robin
  1524 | D:2      | Found an ancient bone altar of Kikubaaqudgha.
  1970 | D:3      | Noticed Grinder
  1978 | D:3      | HP: 1/28 [orc priest/divine providence (15)]
  1988 | D:3      | Found a burning altar of Makhleb.
  1989 | D:3      | Found a shimmering altar of Xom.
  1991 | D:3      | Reached XP level 5. HP: 2/32 MP: 5/5
  2005 | D:3      | Killed from afar by Grinder

Vault maps used:
D:1:      sevenhm_arrival_forest_fort_large_4, minmay_stone_trees_medium
D:2:      lemuel_doored_altar, serial_corexii_hall, corexii_hall_statues_i,
          corexii_hall_statues_deadend, corexii_hall_statues_deadend,
          uniq_robin, uniq_terence
D:3:      grunt_temple_overflow_champion_of_chaos,
          eat_drink_and_be_merry_uskayaw, minmay_goblin_kobold_house, uniq_ijyb,
          uniq_grinder

Skill      XL: |  1  2  3  4  5 |
---------------+----------------+-----
Shields        | 4 |  4.4
Dodging        | 1 |  1.0
Maces & Flails | 3 |  3.1
Armour         | 4 |  4.0
Fighting       | |  3.7

Action                   |  1- 3 |  4- 6 || total
-------------------------+-------+-------++-------
Melee: Flail             |   110 |    90 ||   200
  Use: Scroll            |     5 |     1 ||     6
       Potion            |     4 |     1 ||     5
  Eat: Chunk             |     1 |     3 ||     4
Armor: Scale mail        |    24 |       ||    24
       Chain mail        |    18 |    49 ||    67
Dodge: Dodged            |    28 |    17 ||    45
Block: Shield            |    59 |    45 ||   104
